 Dungeon Crawl Stone Soup version 0.28.0-43-g3370ac3207 (webtiles) character file.

Game seed: 3759159520188608918

20550 bobregger the Fighter (level 12, -10/208 HPs)
             Began as an Ogre Berserker on Apr 2, 2022.
             Was a Priest of Trog.
             Mangled by a cyclops (18 damage)
             ... on level 12 of the Dungeon.
             The game lasted 00:24:53 (18306 turns).

bobregger the Fighter (Ogre Berserker)             Turns: 18306, Time: 00:24:55

Health: -10/208    AC: 26    Str: 24    XL:     12   Next: 80%
Magic:  0/12       EV:  1    Int:  8    God:    Trog [***...]
Gold:   726        SH:  0    Dex: 12    Spells: 11/11 levels left

rFire   . . .      SeeInvis .   p - +4 flail
rCold   . . .      Faith    .   (no shield)
rNeg    + . .      Spirit   +   (armour currently unavailable)
rPois   +          Reflect  .   (helmet currently unavailable)
rElec   .          Harm     .   (cloak currently unavailable)
rCorr   .          Rampage  .   (gloves unavailable)
Will    +....      NoTele   +   (boots unavailable)
Stlth   +.........              F - amulet of guardian spirit
HPRegen 0.44/turn               q - +4 ring of evasion
MPRegen 0.13/turn               s - ring of positive energy

@: tree-form, on berserk cooldown
A: stationary, stasis, torment immunity, boosted hp, large, unfitting armour,
(tough skin 1), (cold resistance 2), (sturdy frame 1)
a: Renounce Religion, Berserk, Trog's Hand


You were on level 12 of the Dungeon.
You worshipped Trog.
Trog was most pleased with you.
You were a tree.
You visited 1 branch of the dungeon, and saw 12 of its levels.

You collected 726 gold pieces.

Inventory:

Hand Weapons
 p - a +4 flail (weapon)
 r - a +1 giant spiked club
Armour
 h - a +2 hat (melded)
 n - a +0 barding
 B - a +2 robe of fire resistance (melded)
Jewellery
 a - a ring of protection from cold
 m - a +6 ring of intelligence
 o - a ring of fire
 q - a +4 ring of evasion (left branch)
 s - a ring of positive energy (right branch)
 u - the ring of Royalty {Fly MP+9}
   (You took it off a meliai on level 11 of the Dungeon)

   [ring of magical power]

   MP:        It affects your magic capacity (+9).
   Fly:       It grants you flight.
 x - a ring of willpower
 C - a +6 ring of dexterity
 F - an amulet of guardian spirit (around neck)
Wands
 z - a wand of polymorph (14)
 A - a wand of mindburst (4)
Scrolls
 b - a scroll of fear
 e - a scroll of fog
 f - a scroll of torment
 g - 2 scrolls of identify
 k - 3 scrolls of teleportation
 t - a scroll of enchant armour
 D - a scroll of blinking
Potions
 c - 2 potions of berserk rage
 d - a potion of lignification
 j - 3 potions of flight
 l - a potion of attraction
 v - a potion of invisibility {unknown}
Miscellaneous
 y - a lightning rod (4/4)


   Skills:
 + Level 14.1 Fighting
 * Level 13.8 Maces & Flails
 + Level 10.1 Dodging


You had 11 spell levels left.
You didn't know any spells.
Your spell library was empty.

Dungeon Overview and Level Annotations

Branches:
Dungeon (12/15)            Temple (0/1) D:7            Lair (0/6) D:11
    Orc (0/2) D:12

Altars:
Kikubaaqudgha
Sif Muna
Yredelemnul
The Shining One


Innate Abilities, Weirdness & Mutations

You are a tree.
Your roots penetrate the ground, keeping you stationary.
You cannot be teleported.
You are immune to unholy pain and torment.
Your maximum health is greatly increased.
Your equipment is partially melded.
You are too large for most types of armour.
((You have tough skin. (AC +1)))
((Your flesh is very cold resistant. (rC++)))
((Your movements are slightly less encumbered by armour. (ER -2)))


Message History

The cyclops hits you!!
* * * LOW HITPOINT WARNING * * *
You sock the cyclops!
The cyclops is heavily wounded.
The skeletal warrior hits you with a +0 dire flail!!
* * * LOW HITPOINT WARNING * * *
You hit the cyclops.
The cyclops is heavily wounded.
The cyclops hits you!
* * * LOW HITPOINT WARNING * * *
You feel better.
The skeletal warrior hits you but does no damage.
The cyclops hits you.
* * * LOW HITPOINT WARNING * * *
You completely miss the cyclops.
The cyclops is heavily wounded.
The skeletal warrior hits you but does no damage.
You hit the cyclops.
The cyclops is severely wounded.
The skeletal warrior hits you but does no damage.
The cyclops hits you but does no damage.
You hit the cyclops.
The cyclops is severely wounded.
The skeletal warrior hits you with a +0 dire flail!
* * * LOW HITPOINT WARNING * * *
Okay, then.
Aiming: Mindburst
Press: ? - help, Shift-Dir - straight line, f - cyclops
Aim: a cyclops, quivering large rocks (severely wounded, chance to affect: 47%)
Okay, then.
Okay, then.
Aiming: Mindburst
Press: ? - help, Shift-Dir - straight line, f - cyclops
Aim: a cyclops, quivering large rocks (severely wounded, chance to affect: 47%)
Okay, then.
Aiming: Mindburst
Press: ? - help, Shift-Dir - straight line, f - cyclops
Aim: a cyclops, quivering large rocks (severely wounded, chance to affect: 47%)
The cyclops's mind is blasted!
The cyclops hits you!!
You die...

..#......#.......o)....#
..+[...).+......z......#
.#####'###.............#
.#........................
.#...........o#######'#...
.'............+.......#...
##............#.......# ..
.....#+########C)z##..#
.....#.......##.♣.# '
.....#.......#....#
.....######'###...######
..............######...#
...................#...#
...................'..##
...................#...#
...................##..#
##################.....#


You could see a skeletal warrior and a cyclops.

Vanquished Creatures
  2 hydras
  2 death knights
  3 two-headed ogres
  Nergalle (D:10)
  3 skeletal warriors (D:12)
  4 cyclopes
  2 manticores (D:11)
  5 centaur zombies
  An unseen horror (D:12)
  A komodo dragon (D:11)
  5 trolls
  A meliai (D:11)
  A meliai zombie (D:11)
  4 shadows
  A basilisk (D:11)
  A wraith (D:11)
  A vampire (D:9)
  3 wyverns
  19 yaks
  Menkaure (D:3)
  6 vampire mosquitoes
  5 water moccasins
  An acid dragon (D:10)
  6 orc warriors
  An ice beast (D:5)
  2 black bears
  A necrophage (D:5)
  2 sky beasts
  An ogre (D:3)
  3 centaurs
  3 phantoms
  A kobold brigand (D:6)
  3 bullfrogs
  A scorpion (D:6)
  A water moccasin zombie (D:6)
  A water moccasin skeleton (D:6)
  17 wights
  3 howler monkeys
  A bullfrog zombie (D:7)
  2 hounds
  2 orc priests
  A quasit (D:6)
  A jelly (D:7)
  2 bullfrog skeletons
  5 iguanas
  10 orc wizards
  A hound skeleton (D:5)
  6 adders
  8 gnolls
  3 river rats (D:3)
  2 shadow imps
  An adder skeleton (D:3)
  2 worms
  4 dart slugs
  27 orcs
  3 bats
  5 endoplasms
  A giant cockroach (D:4)
  3 goblins
  5 hobgoblins
  14 kobolds
  4 quokkas
  6 ball pythons
  A ball python skeleton (D:3)
  5 frilled lizards
  3 goblin skeletons (D:6)
  A goblin zombie (D:6)
  5 hobgoblin zombies (D:6)
  2 kobold skeletons (D:6)
  An orc zombie (D:6)
  6 rats
262 creatures vanquished.

Vanquished Creatures (others)
  16 plants (D:11)
16 creatures vanquished.

Grand Total: 278 creatures vanquished

Notes
Turn   | Place    | Note
-------+----------+-------------------------------------------
     0 | D:1      | bobregger the Ogre Berserker began the quest for the Orb.
     0 | D:1      | Reached XP level 1. HP: 24/24 MP: 1/1
    71 | D:1      | Reached XP level 2. HP: 25/32 MP: 2/2
   970 | D:2      | Found a faded altar of an unknown god.
  1048 | D:2      | Reached XP level 3. HP: 31/40 MP: 3/3
  1243 | D:2      | Reached ** piety under Trog
  1983 | D:2      | Reached XP level 4. HP: 49/49 MP: 4/4
  2139 | D:3      | Noticed an ogre
  2144 | D:3      | Killed an ogre
  2145 | D:3      | Reached skill level 5 in Fighting
  2145 | D:3      | Reached XP level 5. HP: 57/57 MP: 5/5
  2523 | D:3      | Reached XP level 6. HP: 50/66 MP: 6/6
  2893 | D:3      | Found an ancient bone altar of Kikubaaqudgha.
  2896 | D:3      | Found a basalt altar of Yredelemnul.
  2899 | D:3      | Found a transporter.
  2899 | D:3      | Noticed Menkaure
  2915 | D:3      | Found a transporter.
  3429 | D:4      | Reached skill level 5 in Maces & Flails
  4065 | D:5      | Entered Level 5 of the Dungeon
  4119 | D:5      | Reached skill level 6 in Fighting
  4119 | D:5      | Reached XP level 7. HP: 75/75 MP: 7/7
  4687 | D:5      | Gained mutation: You have sharp toenails. [potion of
                  | mutation]
  4687 | D:5      | Gained mutation: You are dopey. (Int -2) [potion of
                  | mutation]
  5077 | D:5      | Reached XP level 8. HP: 84/84 MP: 8/8
  5254 | D:6      | Reached skill level 7 in Fighting
  5375 | D:6      | Reached skill level 5 in Dodging
  6183 | D:6      | Reached skill level 8 in Fighting
  6388 | D:6      | Found a glowing golden altar of the Shining One.
  6415 | D:6      | Reached XP level 9. HP: 78/96 MP: 9/9
  6809 | D:6      | Reached *** piety under Trog
  7394 | D:6      | Reached skill level 9 in Fighting
  8065 | D:7      | Found a staircase to the Ecumenical Temple.
  8271 | D:7      | Reached XP level 10. HP: 34/110 MP: 10/10
  8914 | D:7      | Reached skill level 10 in Fighting
  9071 | D:8      | Noticed a two-headed ogre
  9111 | D:8      | Killed a two-headed ogre
  9309 | D:8      | Reached skill level 10 in Maces & Flails
 10620 | D:9      | Noticed a two-headed ogre
 10627 | D:9      | Killed a two-headed ogre
 10628 | D:9      | Reached skill level 11 in Fighting
 11072 | D:8      | Reached XP level 11. HP: 120/120 MP: 8/11
 11339 | D:9      | Found a shimmering blue altar of Sif Muna.
 11374 | D:9      | Lost mutation: You have sharp toenails. [potion of
                  | mutation]
 11374 | D:9      | Lost mutation: You are dopey. (Int -2) [potion of mutation]
 11374 | D:9      | Gained mutation: You have a pair of small horns on your
                  | head. [potion of mutation]
 11374 | D:9      | Gained mutation: Your body sometimes deteriorates upon
                  | taking damage. [potion of mutation]
 11374 | D:9      | Gained mutation: Your flesh is cold resistant. (rC+)
                  | [potion of mutation]
 11562 | D:10     | Entered Level 10 of the Dungeon
 11958 | D:10     | Noticed a two-headed ogre
 11964 | D:10     | Killed a two-headed ogre
 12392 | D:11     | Noticed a six-headed hydra
 12404 | D:10     | Killed a six-headed hydra
 12617 | D:10     | Reached skill level 12 in Fighting
 13000 | D:10     | Reached **** piety under Trog
 13402 | D:3      | Killed Menkaure
 13450 | D:3      | Identified the +7 war axe of Raucet Cue {freeze, rPois}
 13695 | D:11     | Found a staircase to the Lair.
 13701 | D:11     | Noticed Nergalle
 14033 | D:10     | Killed Nergalle
 14084 | D:11     | Noticed a cyclops
 14787 | D:11     | Killed a cyclops
 15040 | D:11     | Noticed a cyclops
 15043 | D:11     | Noticed a death knight
 15052 | D:11     | Noticed an eight-headed hydra
 15054 | D:11     | Reached XP level 12. HP: 133/133 MP: 8/12
 15274 | D:11     | Killed a death knight
 15275 | D:11     | Reached skill level 13 in Fighting
 15729 | D:11     | Killed an eight-headed hydra
 16158 | D:11     | Identified the ring of Royalty {Fly MP+9}
 16909 | D:11     | Lost mutation: Your body sometimes deteriorates upon taking
                  | damage. [potion of mutation]
 16909 | D:11     | Lost mutation: You have a pair of small horns on your head.
                  | [potion of mutation]
 16909 | D:11     | Gained mutation: Your flesh is very cold resistant. (rC++)
                  | [potion of mutation]
 16909 | D:11     | Gained mutation: Your movements are slightly less
                  | encumbered by armour. (ER -2) [potion of mutation]
 17495 | D:12     | Noticed a death knight
 17511 | D:12     | Killed a death knight
 17679 | D:12     | Found a staircase to the Orcish Mines.
 17881 | D:12     | Reached skill level 10 in Dodging
 18263 | D:12     | Reached skill level 14 in Fighting
 18301 | D:12     | HP: 8/208 [cyclops (6)]
 18306 | D:12     | Mangled by a cyclops

Illustrated notes

Levels and vault maps discovered:
D:1:      grunt_arrival_crossed_arrows, layout_basic, dk_noncrumbling_2
D:2:      layout_loops_cross, chequers_ecumenical_altar_simple
D:3:      layout_loops_ring, gammafunk_temple_of_torment,
          lightli_sewer_entry_pipes, minmay_liquid_box, hex_large
D:4:      layout_gridville
D:5:      layout_loops_cross
D:6:      layout_loops_ring, nicolae_tso_besieged_by_evil
D:7:      layout_rooms, minmay_temple_entry_glassed_door, st_stairs_1
D:8:      layout_cave_pools
D:9:      layout_irregular_city, led_sif_book, feat_on_display
D:10:     layout_roguey
D:11:     layout_cross, minmay_lair_entry_grove, serial_glass, glass_columns_c,
          glass_columns_a, minmay_pinched_square, uniq_nergalle
D:12:     layout_gridville, david_orc_2, portal_ice_cave_entry_pillars_2,
          serial_shops, shop

Skill      XL: |  1  2  3  4  5  6  7  8  9 10 11 12 |
---------------+-------------------------------------+-----
Maces & Flails | 3 4 5 6 7 9 11 12 13 | 13.8
Dodging        | 3 4 5 6 8 9 10 | 10.1
Fighting       | 5 6 8 9 11 12 14 | 14.1

Action                   |  1- 3 |  4- 6 |  7- 9 | 10-12 || total
-------------------------+-------+-------+-------+-------++-------
Melee: Mace              |    95 |   120 |     7 |       ||   222
       Punch             |       |     1 |     3 |    11 ||    15
       Flail             |       |       |   250 |   499 ||   749
       Kick              |       |       |    67 |    32 ||    99
       Headbutt          |       |       |       |    66 ||    66
Invok: Berserk           |     1 |     4 |     6 |    24 ||    35
Evoke: Wand              |       |       |       |     3 ||     3
  Use: Scroll            |       |     2 |     2 |    16 ||    20
       Potion            |       |       |     1 |    16 ||    17
Armor: Animal skin       |    32 |    31 |    49 |     1 ||   113
       Robe              |       |       |       |    91 ||    91
       Skin              |       |       |       |    23 ||    23
Dodge: Dodged            |    68 |    78 |   221 |   520 ||   887
